 Dungeon Sprint DCSS version 0.17-a0-1197-g2d00c63 (webtiles) character file.

8299 Kidiri the Unseen (level 11, -11/63 HPs)
             Began as a Spriggan Assassin on June 2, 2015.
             Was a High Priest of Dithmenos.
             Killed by divine providence
             ... invoked by a mummy priest
              (15 damage)
             ... in the Dungeon (Sprint I: "Red Sonja").
             The game lasted 00:13:26 (1327 turns).

Kidiri the Unseen (Spriggan Assassin)               Turns: 1327, Time: 00:13:26

Health: -11/63     AC:  5    Str:  7    XL:     11   Next: 8%
Magic:  13/16      EV: 40    Int: 14    God:    Dithmenos [*****.]
Gold:   695        SH:  0    Dex: 25    Spells: 0 memorised, 10 levels left

rFire  . . .     SeeInvis +     o - +0 short sword (drain)
rCold  . . .     Clarity  .     s - +2 robe
rNeg   . . .     SustAt   .     (shield restricted)
rPois  .         Gourm    .     (helmet restricted)
rElec  .         Spirit   .     d - +0 cloak
rCorr  .         Warding  .     (gloves unavailable)
rMut   .         NoTele   +     (boots unavailable)
MR     +....                    (no amulet)
Stlth  ++++++++++               (no ring)
                                (no ring)

@: agile, lethally poisoned (-11 -> -11), mesmerised, wreathed by umbra, very
quick, somewhat resistant to hostile enchantments, uncannily stealthy
A: unfitting armour, see invisible, herbivore 3, speed 3, slow metabolism 2
a: Shadow Step, Shadow Form, Renounce Religion


You were in the Dungeon.
You worshipped Dithmenos.
Dithmenos was extremely pleased with you.
You were not hungry.

You visited 1 branch You collected 983 gold pieces.
You spent 288 gold pieces at shops.

Inventory:

Hand weapons
 a - a +2 dagger
 b - a +5 blowgun
 o - a +0 short sword of draining (weapon)
Missiles
 e - 8 poisoned needles
 f - 9 curare-tipped needles
Armour
 c - a +0 robe
 d - a +0 cloak (worn)
 s - a +2 robe (worn)
Scrolls
 q - a scroll of identify
 r - a scroll of enchant weapon
Potions
 j - 2 potions of haste
 k - 2 potions of magic
 l - a potion of berserk rage
 n - a potion of agility
Comestibles
 g - a bread ration


   Skills:
 * Level 9.9 Fighting
 * Level 12.2 Short Blades
 * Level 12.4 Throwing
 + Level 6.2 Armour
 * Level 15.4 Dodging
 * Level 17.3 Stealth
 + Level 5.9 Invocations


You had 10 spell levels left.
You didn't know any spells.

Dungeon Overview and Level Annotations

Branches:
Dungeon (1/1)

Altars:
Cheibriados
Dithmenos
Elyvilon
Fedhas
Gozag
Kikubaaqudgha
Makhleb
Nemelex Xobeh
Okawaru
Qazlal
Ru
Sif Muna
Trog
Vehumet
Xom
Yredelemnul
Zin
The Shining One
Jiyva

Shops:
D *=[

Annotations:
D exclusion: oklob plant


Innate Abilities, Weirdness & Mutations

You are tiny and cannot use many weapons and most armour.
You have supernaturally acute eyesight.
You are a herbivore.
You cover ground extremely quickly.
You need consume almost no food.


Message History

You hit the blue devil but do no damage.
The siren chants its luring song.
The blue devil completely misses you.
You hit the soul eater but do no damage.
You barely miss the soul eater.
Your shadow hits the soul eater but does no damage.
The soul eater is engulfed in freezing vapours.
The soul eater completely misses you.
The siren chants its luring song.
The quokka skeleton completely misses you.
The blue devil completely misses you.
You hit the soul eater.
The soul eater is lightly wounded.
The phantasmal warrior blinks!
You hit the soul eater.
The soul eater is lightly wounded.
You feel sick. The soul eater misses you.
The mummy priest calls down the wrath of its god upon you.
Something smites you!
You die...

.# ###+#
#..#§§$§§#
##
#..##§§§$#
#..≈###+##
#..≈.|# §
#.WW†## §#
#nyW## ##
###Vem# #
#P≈Z3##
#M≈4@#
###..#
+.W# ##+#


You could see a deep elf annihilator, a mummy priest, a soul eater, an oklob
plant, 2 phantasmal warriors, a siren, a blue devil, 2 hungry ghosts, a vampire,
a necrophage, a wasp and a quokka skeleton.

Vanquished Creatures
  A hydra (D)
  2 centaur warriors (D)
  Sonja (D)
  A deep troll (D)
  A lindwurm (D)
  A siren (D)
  2 kobold demonologists (D)
  A hellwing (D)
  4 demonic crawlers (D)
  A slime creature (D)
  Sigmund (D)
  13 hogs (D)
  A yak (D)
  4 wasps (D)
  An ogre (D)
  A jelly (D)
  Ijyb (D)
  2 giant eyeballs (D)
  A bat simulacrum (D)
40 creatures vanquished.

Notes
Turn   | Place    | Note
--------------------------------------------------------------
     0 | D        | Kidiri the Spriggan Assassin began the quest for the Orb.
     0 | D        | Reached XP level 1. HP: 10/10 MP: 2/2
     2 | D        | Noticed Ijyb
    40 | D        | Killed Ijyb
    40 | D        | Reached skill level 1 in Armour
    40 | D        | Reached skill level 7 in Stealth
    40 | D        | Reached XP level 2. HP: 4/16 MP: 3/3
   272 | D        | Noticed an ogre
   275 | D        | Killed an ogre
   275 | D        | Reached skill level 5 in Dodging
   275 | D        | Reached skill level 8 in Stealth
   275 | D        | Reached XP level 3. HP: 20/20 MP: 4/4
   275 | D        | Reached XP level 4. HP: 24/24 MP: 5/5
   287 | D        | Noticed Sigmund
   290 | D        | Killed Sigmund
   290 | D        | Reached skill level 5 in Short Blades
   290 | D        | Reached skill level 9 in Stealth
   290 | D        | Reached XP level 5. HP: 27/30 MP: 6/6
   324 | D        | Found a deep blue altar of Sif Muna.
   325 | D        | Noticed a jelly
   326 | D        | Found a radiant altar of Vehumet.
   330 | D        | Killed a jelly
   330 | D        | Reached skill level 10 in Stealth
   330 | D        | Reached XP level 6. HP: 35/35 MP: 7/7
   358 | D        | Found Gitom's Jewellery Emporium.
   358 | D        | Found a white marble altar of Elyvilon.
   358 | D        | Found a stormy altar of Qazlal.
   358 | D        | Found a burning altar of Makhleb.
   358 | D        | Found a sacrificial altar of Ru.
   358 | D        | Found a basalt altar of Yredelemnul.
   358 | D        | Found a glowing golden altar of the Shining One.
   358 | D        | Found a sparkling altar of Nemelex Xobeh.
   358 | D        | Found a shimmering altar of Xom.
   358 | D        | Found an opulent altar of Gozag.
   358 | D        | Found an ancient bone altar of Kikubaaqudgha.
   358 | D        | Found a glowing silver altar of Zin.
   358 | D        | Noticed a yak
   359 | D        | Found an iron altar of Okawaru.
   360 | D        | Killed a yak
   360 | D        | Reached skill level 5 in Fighting
   360 | D        | Reached skill level 11 in Stealth
   361 | D        | Found a bloodstained altar of Trog.
   380 | D        | Noticed Sonja
   384 | D        | Killed Sonja
   384 | D        | Reached skill level 10 in Dodging
   384 | D        | Reached skill level 12 in Stealth
   384 | D        | Reached XP level 7. HP: 38/41 MP: 8/8
   417 | D        | Found a snail-covered altar of Cheibriados.
   417 | D        | Found a viscous altar of Jiyva.
   417 | D        | Found a shadowy altar of Dithmenos.
   417 | D        | Found a blossoming altar of Fedhas.
   417 | D        | Noticed a slime creature
   420 | D        | Killed a slime creature
   420 | D        | Reached XP level 8. HP: 45/45 MP: 9/9
   422 | D        | Became a worshipper of Dithmenos the Shadowed
   455 | D        | Found Kiungyem's General Store.
   463 | D        | Bought a scroll of identify for 26 gold pieces
   463 | D        | Bought a scroll of enchant weapon for 97 gold pieces
   463 | D        | Bought a +2 robe for 165 gold pieces
   489 | D        | Noticed a deep troll
   493 | D        | Killed a deep troll
   493 | D        | Reached skill level 13 in Stealth
   493 | D        | Reached skill level 1 in Invocations
   505 | D        | Found Kidodghaed's Armour Emporium.
   532 | D        | Noticed a centaur warrior
   538 | D        | Killed a centaur warrior
   538 | D        | Reached skill level 14 in Stealth
   538 | D        | Reached XP level 9. HP: 49/51 MP: 10/12
   541 | D        | Noticed a centaur warrior
   591 | D        | Killed a centaur warrior
   591 | D        | Reached skill level 10 in Short Blades
   591 | D        | Reached skill level 10 in Throwing
   684 | D        | Noticed a wasp
   687 | D        | Killed a wasp
   687 | D        | Reached skill level 5 in Armour
   725 | D        | Noticed a kobold demonologist
   726 | D        | Noticed a kobold demonologist
   728 | D        | Killed a kobold demonologist
   728 | D        | Reached skill level 15 in Stealth
   729 | D        | Acquired Dithmenos's first power
   731 | D        | Killed a kobold demonologist
   740 | D        | Noticed a demonic crawler
   740 | D        | Noticed a demonic crawler
   740 | D        | Noticed a demonic crawler
   740 | D        | Noticed a demonic crawler
   742 | D        | Killed a demonic crawler
   743 | D        | Killed a demonic crawler
   743 | D        | Reached XP level 10. HP: 57/57 MP: 14/14
   745 | D        | Killed a demonic crawler
   745 | D        | Acquired Dithmenos's second power
   746 | D        | Killed a demonic crawler
   759 | D        | Noticed a gargoyle
   769 | D        | Noticed a lindwurm
   772 | D        | Killed a lindwurm
   772 | D        | Reached skill level 16 in Stealth
   787 | D        | Noticed a hog
   787 | D        | Noticed a hog
   787 | D        | Noticed a hog
   787 | D        | Noticed a hog
   787 | D        | Noticed a hog
   787 | D        | Noticed a hog
   787 | D        | Noticed a hog
   788 | D        | Noticed a hog
   788 | D        | Noticed a hog
   788 | D        | Noticed a hog
   789 | D        | Killed a hog
   789 | D        | Acquired Dithmenos's third power
   809 | D        | Killed a hog
   809 | D        | Reached skill level 5 in Invocations
   835 | D        | Killed a hog
   835 | D        | Killed a hog
   844 | D        | Killed a hog
   845 | D        | Noticed a hog
   849 | D        | Killed a hog
   857 | D        | Killed a hog
   857 | D        | Acquired Dithmenos's fourth power
   864 | D        | Noticed a hog
   865 | D        | Noticed a hog
   865 | D        | Killed a hog
   867 | D        | Killed a hog
   868 | D        | Killed a hog
   870 | D        | Killed a hog
   872 | D        | Killed a hog
   873 | D        | Killed a hog
   940 | D        | Noticed a 12-headed hydra
   942 | D        | Killed a 12-headed hydra
   942 | D        | Reached skill level 15 in Dodging
   942 | D        | Reached skill level 17 in Stealth
  1257 | D        | Noticed a siren
  1257 | D        | Noticed a deep elf annihilator
  1258 | D        | Noticed a hellwing
  1258 | D        | Noticed a mummy priest
  1258 | D        | Noticed a siren
  1258 | D        | Noticed a wasp
  1258 | D        | Noticed a wasp
  1258 | D        | Noticed a wasp
  1258 | D        | Noticed a wasp
  1259 | D        | Killed a siren
  1259 | D        | Reached XP level 11. HP: 61/63 MP: 11/16
  1260 | D        | Noticed an oklob plant
  1261 | D        | Killed a hellwing
  1293 | D        | Killed a wasp
  1297 | D        | Noticed a phantasmal warrior
  1302 | D        | Noticed a phantasmal warrior
  1302 | D        | Killed a wasp
  1313 | D        | Noticed a soul eater
  1313 | D        | Killed a wasp
  1327 | D        | Killed from afar by a mummy priest

Vault maps used:
D:        dungeon_sprint_1

Action                   |  1- 3 |  4- 6 |  7- 9 | 10-12 || total
-------------------------+-------+-------+-------+-------++-------
Melee: Dagger            |     3 |     4 |     6 |    21 ||    34
       Short sword       |       |       |    11 |   102 ||   113
 Fire: Blowgun           |     5 |       |     7 |     5 ||    17
Invok: Shadow Step       |       |       |       |     3 ||     3
  Use: Potion            |       |       |     1 |     2 ||     3
       Scroll            |       |       |       |     1 ||     1
 Stab: Sleeping          |     1 |     4 |     9 |    14 ||    28
